 Dungeon Crawl Stone Soup version 0.30-a0-509-gd016549fea (webtiles) character file.

Game seed: 13977333091463907038

219 PyroL the Changer (level 5, -1/33 HPs)
             Began as an Octopode Transmuter on Dec 23, 2022.
             Slain by an orc
             ... wielding a +0 trident
              (9 damage)
             ... on level 4 of the Dungeon.
             The game lasted 00:06:51 (2560 turns).

PyroL the Changer (Octopode Transmuter)             Turns: 2560, Time: 00:06:52

Health: -1/33      AC:  0    Str: 10    XL:     5   Next: 96%
Magic:  7/9        EV: 12    Int: 23    God:
Gold:   117        SH:  3    Dex: 12    Spells: 3/9 levels left

rFire   . . .      SeeInvis .    l - +2 short sword (protect)
rCold   . . .      Faith    .    k - +0 buckler
rNeg    + . .      Spirit   .    (helmet currently unavailable)
rPois   .          Reflect  .    (no amulet)
rElec   .          Harm     .    g - ring of positive energy
rCorr   .          Rampage  .    o - +6 ring of intelligence
Will    .....                    (no ring)
Stlth   ++........               (no ring)
HPRegen 0.25/turn                (no ring)
MPRegen 0.11/turn                (no ring)
                                 (no ring)
                                 (no ring)

@: appendages, wereblooded, corroded, under a protective aura
A: tentacle spike 3, almost no armour, amphibious, 8 rings, camouflage 1,
gelatinous body 1, (nimble swimmer 1), tentacles
a: End Transformation


You were on level 4 of the Dungeon.
One of your tentacles had grown a beastly spike.
You visited 1 branch of the dungeon, and saw 4 of its levels.

You collected 117 gold pieces.

Inventory:

Hand Weapons
 e - a +2 dagger of venom
 l - a +2 short sword of protection (weapon)
Armour
 k - a +0 buckler (worn)
Jewellery
 g - a ring of positive energy (left tentacle)
 o - a +6 ring of intelligence (right tentacle)
Scrolls
 f - a scroll of torment {unknown}
 j - a scroll of enchant armour {unknown}
 m - 2 scrolls of poison {unknown}
 n - a scroll of vulnerability {unknown}
 q - a scroll of butterflies {unknown}
Potions
 a - 2 potions of lignification
 b - 2 potions of resistance
 c - a potion of heal wounds {unknown}
 d - a potion of haste {unknown}
 i - 2 potions of might {unknown}
 p - a potion of cancellation {unknown}


   Skills:
 - Level 1.0 Fighting
 - Level 2.0 Dodging
 - Level 3.0 Unarmed Combat
 - Level 2.8 Spellcasting
 + Level 4.8 Transmutations
 - Level 3.0 Poison Magic


You had 3 spell levels left.
You knew the following spells:

 Your Spells              Type           Power      Damage    Failure   Level
a - Beastly Appendage     Tmut           50%        N/A       2%          1
b - Wereblood             Tmut           25%        N/A       3%          2
c - Spider Form           Tmut/Pois      21%        N/A       10%         3

Your spell library contained the following spells:

 Spells                   Type           Power      Damage    Failure   Level
 Foxfire                  Conj/Fire      12%        2x1d4     16%         1
 Ice Form                 Ice/Tmut       14%        N/A       52%         4
 Fireball                 Conj/Fire      1%         3d3       99%         5
 Starburst                Conj/Fire      1%         6d3       100%        6


Dungeon Overview and Level Annotations

Branches:
Dungeon (4/15)
 Temple: D:4-7

Altars:


Innate Abilities, Weirdness & Mutations

One of your tentacles has grown a beastly spike.
You cannot wear most types of armour.
You are amphibious.
You can wear up to eight rings at the same time.
Your skin changes colour to match your surroundings (Stealth+).
Your rubbery body absorbs attacks. (AC +1, EV +1)
((You are camouflaged when in or above water. (Stealth+)))
You have tentacles for arms and can constrict up to eight enemies at once.


Message History

You hit the orc but do no damage. You grab the orc.
You pierce the orc.
The orc is heavily wounded.
You constrict the orc, but do no damage.
The orc barely misses you.
You barely miss the orc. You squeeze the orc, but do no damage.
The orc is heavily wounded.
You constrict the orc. The orc hits you with a +0 short sword.
The orc priest mumbles some strange prayers to Beogh against you.
Beogh smites you!
You hit the orc.
You feel a bit better.
You kill the orc!
You hit the jelly.
Your tentacles burn!
Your tentacle spike misses the jelly.
The jelly is heavily wounded.
The jelly hits you but does no damage.
The orc hits you from afar with a +0 trident.
* * * LOW HITPOINT WARNING * * *
You hit the jelly. The acid corrodes you!
Your tentacles burn!
* * * LOW HITPOINT WARNING * * *
You squeeze the jelly.
The jelly is severely wounded.
The jelly hits you but does no damage. The orc closely misses you.
Unknown command.
You hit the jelly. The acid corrodes you!
Your tentacles burn!
* * * LOW HITPOINT WARNING * * *
The jelly is almost dead.
The orc closely misses you. You block the jelly's attack.
Unknown command.
You hit the jelly but do no damage.
Your tentacles burn!
* * * LOW HITPOINT WARNING * * *
You pierce the jelly.
You squeeze the jelly.
You feel a bit better.
You kill the jelly!
The orc misses you.
Unknown command.
You hit the orc priest but do no damage.
You grab the orc priest.
You constrict the orc priest, but do no damage.
The orc priest hits you with a +0 club.
* * * LOW HITPOINT WARNING * * *
The orc hits you from afar with a +0 trident!
You die...

....#..# JJ.o....#
....##.# #J.####.#
....##.## #..<....#
.....#..## #..###....#
...#.##..## #..# #.#..
...#.###..## #.!## #.#
##.#.####..# ###o..###.#
##.)..####.## #.o.#...#.#
####.....#..####@#####.#.#
## ##.##..#....#.# #...#
.# #...#.####.#.# ##..##
.# ###...)..#...# #...# .#
####.#.##..#### #.#.# #.
.# #.#.##.....# #.#.##...
.# #...###.##.###.#......
.# ##......##[รท<.........
.### ##.....##.....####...


You could see an orc priest and an orc.

Vanquished Creatures
  A hound (D:3)
  A jelly (D:4)
  Terence (D:3)
  4 gnolls
  2 adders
  A dart slug (D:2)
  3 orcs (D:4)
  4 ball pythons
  4 endoplasms
  3 giant cockroaches
  3 goblins
  7 hobgoblins
  12 jackals
  5 kobolds
  3 quokkas
  7 bats
  3 frilled lizards
  5 rats
69 creatures vanquished.

Vanquished Creatures (others)
  4 plants (D:3)
4 creatures vanquished.

Grand Total: 73 creatures vanquished

Notes
Turn   | Place    | Note
-------+----------+-------------------------------------------
     0 | D:1      | PyroL the Octopode Transmuter began the quest for the Orb.
     0 | D:1      | Reached XP level 1. HP: 13/13 MP: 3/3
   211 | D:1      | Reached XP level 2. HP: 18/18 MP: 5/5
   233 | D:1      | Reached skill level 1 in Poison Magic
   439 | D:1      | Reached XP level 3. HP: 6/23 MP: 6/6
  1340 | D:2      | Reached XP level 4. HP: 26/28 MP: 6/8
  1617 | D:3      | Learned a level 3 spell: Spider Form
  1718 | D:3      | Noticed Terence
  1726 | D:3      | Killed Terence
  1727 | D:3      | Reached skill level 3 in Transmutations
  1789 | D:3      | Reached XP level 5. HP: 12/33 MP: 9/9
  1975 | D:3      | Reached skill level 4 in Transmutations
  2116 | D:3      | Learned a level 2 spell: Wereblood
  2560 | D:4      | Slain by an orc

Illustrated notes

Levels and vault maps discovered:
D:1:      nicolae_arrival_washed_ashore, layout_rooms
D:2:      layout_basic, guppyfry_early_lair_pool
D:3:      layout_rooms, serial_forest, infiniplex_forest_clump_tiny,
          infiniplex_forest_clump_double, infiniplex_forest_end_1,
          infiniplex_forest_clump_curved, infiniplex_forest_clump_small,
          infiniplex_forest_lined_corner, infiniplex_forest_corner_1,
          infiniplex_forest_side_room, infiniplex_forest_clump_medium,
          uniq_terence
D:4:      layout_rooms

Skill      XL: |  1  2  3  4  5 |
---------------+----------------+-----
Poison Magic   | 1 2 3 |  3.0
Transmutations | 3 4 |  4.8
Fighting       | |  1.0
Dodging        | |  2.0
Unarmed Combat | |  3.0
Spellcasting   | |  2.8

Action                   |  1- 3 |  4- 6 || total
-------------------------+-------+-------++-------
Melee: Unarmed           |    31 |     4 ||    35
       Kick              |    20 |    25 ||    45
       Tentacles         |    12 |    18 ||    30
       Dagger            |    44 |    22 ||    66
       Constrict         |    20 |    16 ||    36
       Short sword       |       |    55 ||    55
       Punch             |       |     3 ||     3
 Cast: Beastly Appendage |    24 |    16 ||    40
       Wereblood         |       |     5 ||     5
       Spider Form       |       |     1 ||     1
  Use: Scroll            |     1 |     1 ||     2
 Stab: Sleeping          |     5 |     1 ||     6
Armor: Skin              |     5 |    17 ||    22
Dodge: Dodged            |    49 |    66 ||   115
Block: Buckler           |       |     6 ||     6

Table legend: (Time is in decaauts)
 A = Elapsed time spent in this place.
 B = Non-inter-level travel time spent in this place.
 C = Inter-level travel time spent in this place.
 D = Time resting spent in this place.
 E = Time spent auto-exploring this place.
 F = Levels seen in this place.
 G = Mean time per level.
                   A        B        C        D        E       F      G
               +--------+--------+--------+--------+--------+-----+--------+
         Total |   2562 |   2468 |     94 |    161 |   1731 |   4 |  640.5 |
       Dungeon |   2562 |   2468 |     94 |    161 |   1731 |   4 |  640.5 |
               +--------+--------+--------+--------+--------+-----+--------+

Top non-repeatable levels by time:
     D:1: 794 daAuts
     D:2: 718 daAuts
     D:3: 635 daAuts
     D:4: 414 daAuts
